 Seeded DCSS version 0.29-a0-789-g7a8fcbc185 (webtiles) character file.

Game seed: 6267632479416310322 (custom seed)

1147 happo123 the Shooter (level 8, -6/68 (70) HPs)
             Began as a Minotaur Hunter on July 3, 2022.
             Was an Initiate of Okawaru.
             Mangled by a wight
             ... wielding a +4 great sword
              (10 damage)
             ... on level 5 of the Dungeon.
             The game lasted 00:22:00 (3711 turns).

happo123 the Shooter (Minotaur Hunter)              Turns: 3711, Time: 00:22:02

HP:   -6/68 (70)    AC: 21    Str: 19    XL:     8   Next: 15%
MP:   0/7           EV:  7    Int: 14    God:    Okawaru [......]
Gold: 298           SH:  0    Dex: 15    Spells: 7/7 levels left

rFire   x . .      SeeInvis .   q - +0 hand axe
rCold   . . .      Faith    .   (no shield)
rNeg    . . .      Spirit   +   u - +4 plate armour "Ixkit" {rC- Str+2 Int+8}
rPois   .          Reflect  .   (helmet restricted)
rElec   .          Harm     .   r - +0 cloak
rCorr   .          Rampage  .   G - +2 pair of gloves {hurl}
Will    .....                   z - +0 pair of boots
Stlth   ..........              J - amulet of guardian spirit
HPRegen 0.21/turn               m - ring of ice
MPRegen 0.10/turn               (no ring)

@: lightly drained, invisible
A: horns 2, retaliatory headbutt
a: Renounce Religion


You were on level 5 of the Dungeon.
You worshipped Okawaru.
Okawaru was noncommittal.
You visited 2 branches of the dungeon, and saw 7 of its levels.

You collected 298 gold pieces.

Inventory:

Hand Weapons
 a - a +0 shortbow
 q - a +0 hand axe (weapon)
 B - the +8 sling of Floods {venom, Int+3}
   (You found it on level 4 of the Dungeon)

   Any ammunition fired from it poisons the flesh of those it strikes.
   Int:       It affects your intelligence (+3).
 D - a +2 whip of flaming
Armour
 c - a +0 leather armour
 r - a +0 cloak (worn)
 u - the +4 plate armour "Ixkit" (worn) {rC- Str+2 Int+8}
   (You found it on level 3 of the Dungeon)

   Str:       It affects your strength (+2).
   Int:       It affects your intelligence (+8).
   rC:        It makes you vulnerable to cold.
 z - a +0 pair of boots (worn)
 G - a +2 pair of gloves of hurling (worn)
Magical Staves
 g - a staff of cold
Jewellery
 m - a ring of ice (left hand)
 o - an amulet of magic regeneration
 J - an amulet of guardian spirit (around neck)
Wands
 w - a wand of polymorph (11)
 A - a wand of digging (4)
 K - a wand of roots (16)
Scrolls
 b - 2 scrolls of immolation
 e - a scroll of blinking {unknown}
 f - 2 scrolls of brand weapon
 k - 2 scrolls of teleportation
 n - 3 scrolls of silence {unknown}
 s - a scroll of summoning {unknown}
 y - a scroll of enchant armour {unknown}
 E - a scroll of fear {unknown}
 F - a scroll of magic mapping {unknown}
 H - a scroll of enchant weapon
Potions
 h - 5 potions of curing {unknown}
 i - 2 potions of degeneration {unknown}
 j - 2 potions of magic {unknown}
 l - 3 potions of brilliance {unknown}
 p - a potion of mutation {unknown}
 t - 2 potions of attraction {unknown}
 v - a potion of haste
 x - a potion of heal wounds {unknown}
 C - a potion of ambrosia


   Skills:
 * Level 6.0 Fighting
 + Level 3.1 Axes
 * Level 6.8 Ranged Weapons
 + Level 3.5 Armour
 + Level 4.2 Dodging
 + Level 2.9 Stealth
 + Level 0.3 Invocations
 + Level 2.3 Evocations


You had 7 spell levels left.
You didn't know any spells.
Your spell library contained the following spells:

 Spells                   Type           Power      Damage    Failure   Level
 Magic Dart               Conj           0%         1d3       100%        1
 Sandblast                Erth           0%         2d4       100%        1
 Passwall                 Tmut/Erth      0%         N/A       100%        2
 Mephitic Cloud           Conj/Pois/Air  0%         N/A       100%        3
 Stone Arrow              Conj/Erth      0%         3d7       100%        3
 Conjure Ball Lightning   Conj/Air       0%         3x3d6     100%        6
 Discord                  Hex            0%         N/A       100%        8
 Disjunction              Tloc           0%         N/A       100%        8
 Call Imp                 Summ           Unusable   N/A       N/A         2

Dungeon Overview and Level Annotations

Branches:
Dungeon (6/15)             Temple (1/1) D:6

Altars:
Ashenzari
Cheibriados
Dithmenos
Fedhas
Hepliaklqana
Kikubaaqudgha
Makhleb
Nemelex Xobeh
Okawaru
Qazlal
Ru
Trog
Uskayaw
Vehumet
Wu Jian
Xom
Yredelemnul
Zin
The Shining One


Innate Abilities, Weirdness & Mutations

You have a pair of horns on your head.
You reflexively headbutt those who attack you in melee.


Message History

You hit the wight. You barely miss the wight.
The wight hits you but does no damage. x3
You hit the wight.
The wight is heavily damaged.
You hit the wight. You hit the wight but do no damage.
You barely miss the wight. The wight hits you with a +0 scimitar!
The wight barely misses you. You furiously retaliate!
You headbutt the wight, but do no damage.
The wight hits you but does no damage. x2
You barely miss the wight.
The wight is heavily damaged.
You hit the wight. You closely miss the wight. You barely miss the wight.
The wight hits you but does no damage. The wight hits you with a +0 war axe!
* * * LOW HITPOINT WARNING * * *
The wight hits you but does no damage. The wight hits you with a +3 flail.
* * * LOW HITPOINT WARNING * * *
Unknown command.
Okay, then.
You fade into invisibility!
The wight hits you but does no damage. x2
The wight hits you with a +4 great sword.
* * * LOW HITPOINT WARNING * * *
The wight hits you with a +3 flail.
* * * LOW HITPOINT WARNING * * *
You catch the helpless wight completely off-guard!
You hit the wight. You headbutt the wight.
The wight is almost destroyed.
You barely miss the wight. You closely miss the wight.
You hit the wight but do no damage. The wight hits you but does no damage.
The wight barely misses you. The wight hits you with a +3 flail.
* * * LOW HITPOINT WARNING * * *
You feel drained.
* * * LOW HITPOINT WARNING * * *
You hit the wight.
You destroy the wight!
Okawaru accepts your kill.
You strike the helpless wight from behind!
You hit the wight but do no damage. You hit the wight. x2
The wight hits you with a +4 great sword!
You die...

..#.#### #.#.# ..'.# #...#
..### ##..# #...# ###### #..#
###.# #....# #..# ....#
#.##.# ##[#
#†#####.##.#####.#
#.#.....##.....z)#
#.#.....######.#@######
#.#.......# #.#zz....###
#.'.......####.#).......#
###.......+.............#####
#.......###.....).....'.#.#
#....##.....###.......#.#.#
#....##.##### #.......#.#.##
#.......# #.......#....#
#.#####.#### #.......###.##


You could see 3 wights.

Vanquished Creatures
  Pikel (D:4)
  2 lemures (D:4)
  A scorpion (D:5)
  4 wights
  5 hounds
  An orc priest (D:5)
  2 iguanas (D:5)
  5 orc wizards
  6 adders
  2 worms
  13 orcs
  9 ball pythons
  7 endoplasms
  A giant cockroach (D:1)
  4 goblins
  6 hobgoblins
  2 jackals (D:1)
  3 kobolds
  2 quokkas
  5 bats
  4 frilled lizards
  A rat (D:3)
86 creatures vanquished.

Vanquished Creatures (others)
  5 fungi (D:4)
  10 plants (D:4)
15 creatures vanquished.

Grand Total: 101 creatures vanquished

Notes
Turn   | Place    | Note
-------+----------+-------------------------------------------
     0 | D:1      | happo123 the Minotaur Hunter began the quest for the Orb.
     0 | D:1      | Reached XP level 1. HP: 18/18 MP: 0/0
   215 | D:1      | Reached skill level 1 in Stealth
   267 | D:1      | Reached XP level 2. HP: 25/25 MP: 1/1
   915 | D:2      | Reached XP level 3. HP: 28/31 MP: 2/2
  1024 | D:2      | Found a faded altar of an unknown god.
  1083 | D:2      | Reached skill level 1 in Armour
  1505 | D:3      | Reached skill level 5 in Ranged Weapons
  1633 | D:3      | Identified the +4 plate armour "Ixkit" {rC- Str+2 Int+8}
  1867 | D:3      | Found a faded altar of an unknown god.
  1882 | D:3      | Reached XP level 4. HP: 38/38 MP: 3/3
  2001 | D:3      | Found a shimmering altar of Xom.
  2140 | D:4      | Identified the +8 sling of Floods {venom, Int+3}
  2152 | D:4      | Found a blossoming altar of Fedhas.
  2152 | D:4      | Noticed a lemure
  2153 | D:4      | Noticed a lemure
  2153 | D:4      | Noticed a lemure
  2170 | D:4      | Killed a lemure
  2174 | D:4      | Killed a lemure
  2190 | D:4      | Noticed Pikel
  2190 | D:4      | Noticed a lemure
  2202 | D:4      | Killed Pikel
  2203 | D:4      | Reached skill level 1 in Evocations
  2203 | D:4      | Reached XP level 5. HP: 47/47 MP: 4/4
  2203 | D:4      | Reached XP level 6. HP: 55/55 MP: 5/5
  2203 | D:4      | Reached XP level 7. HP: 60/60 MP: 6/6
  2296 | D:4      | Found a glowing silver altar of Zin.
  2296 | D:4      | Found a shadowy altar of Dithmenos.
  2304 | D:4      | Found a faded altar of an unknown god.
  2306 | D:4      | Found an ornate altar of the Wu Jian Council.
  2308 | D:4      | Found a faded altar of an unknown god.
  2773 | D:5      | Entered Level 5 of the Dungeon
  2812 | D:5      | Reached skill level 5 in Fighting
  2995 | D:5      | Found an iron altar of Okawaru.
  3343 | D:6      | Found a staircase to the Ecumenical Temple.
  3405 | Temple   | Entered the Ecumenical Temple
  3528 | D:6      | Reached XP level 8. HP: 53/70 MP: 5/7
  3565 | D:5      | Became a worshipper of Warmaster Okawaru
  3711 | D:5      | Mangled by a wight

Illustrated notes

Levels and vault maps discovered:
D:1:      elethiomel_arrival_quiet, layout_loops_corners,
          corexii_item_surrounded_by_moat
D:2:      layout_loops_ring, ebering_ecumenical_altar_mist, minmay_hexomino_u4
D:3:      layout_basic, nicolae_overflow_ecumenical_swirl, minivault_5,
          mrwooster_statue_mirror
D:4:      layout_loops_ring, fedhas_altar_3,
          chequers_temple_overflow_minitemple, uniq_pikel
D:5:      layout_basic, general_overflow_altar
D:6:      layout_cave_pools, minmay_temple_entry_ruins, serial_glass,
          glass_columns_a, glass_columns_a, glass_columns_c, glass_columns_b,
          hangedman_decor_points, nicolae_elemental_shop
Temple:   dshaligram_water_room_temple

Skill      XL: |  1  2  3  4  5  6  7  8 |
---------------+-------------------------+-----
Stealth        | 1 2 |  2.9
Fighting       | 3 4 5 6 |  6.0
Armour         | 1 2 3 |  3.5
Ranged Weapons | 5 6 |  6.8
Axes           | 2 3 |  3.1
Dodging        | 3 4 |  4.2
Evocations     | 1 2 |  2.3
Invocations    | |  0.3

Action                   |  1- 3 |  4- 6 |  7- 9 || total
-------------------------+-------+-------+-------++-------
Melee: Hand axe          |       |       |    19 ||    19
       Headbutt          |       |       |    10 ||    10
       Whip              |       |       |     7 ||     7
 Fire: Shortbow          |    88 |     5 |       ||    93
       Sling             |       |    14 |    81 ||    95
  Use: Scroll            |       |       |     7 ||     7
       Potion            |       |       |     2 ||     2
 Stab: Invisible         |       |       |     2 ||     2
Armor: Leather armour    |     7 |       |       ||     7
       Plate armour      |     1 |    13 |    80 ||    94
Dodge: Dodged            |    18 |     5 |    33 ||    56

Table legend: (Time is in decaauts)
 A = Elapsed time spent in this place.
 B = Non-inter-level travel time spent in this place.
 C = Inter-level travel time spent in this place.
 D = Time resting spent in this place.
 E = Time spent auto-exploring this place.
 F = Levels seen in this place.
 G = Mean time per level.
                   A        B        C        D        E       F      G
               +--------+--------+--------+--------+--------+-----+--------+
         Total |   3810 |   3385 |    425 |     74 |   2661 |   7 |  544.3 |
       Dungeon |   3709 |   3382 |    327 |     74 |   2661 |   6 |  618.2 |
        Temple |    100 |      2 |     98 |      0 |      0 |   1 |  100.0 |
               +--------+--------+--------+--------+--------+-----+--------+

Top non-repeatable levels by time:
     D:1: 850 daAuts
     D:5: 758 daAuts
     D:4: 740 daAuts
     D:2: 650 daAuts
     D:3: 594 daAuts
     D:6: 114 daAuts
  Temple: 100 daAuts
